 Dungeon Crawl Stone Soup version 0.31-a0-521-gc7390f8997 (webtiles) character file.

Game seed: 17936358639278957158

9161 bobarctor the Thaumaturge (level 11, -3/68 HPs)
             Began as a Demonspawn Ice Elementalist on Aug 10, 2023.
             Was a Priest of Kikubaaqudgha.
             Slain by a centaur warrior simulacrum (14 damage)
             ... on level 11 of the Dungeon on Aug 11, 2023.
             The game lasted 01:15:45 (11182 turns).

bobarctor the Thaumaturge (DsIE)                   Turns: 11182, Time: 01:15:47

Health: -3/68      AC:  9    Str:  9    XL:     11   Next: 19%
Magic:  18/33      EV: 17    Int: 26    God:    Kikubaaqudgha [***...]
Gold:   1104       SH:  0    Dex: 23    Spells: 4/29 levels left

rFire   . . .        A - +4 quarterstaff (chaos)
rCold   + . .        (shield currently unavailable)
rNeg    . . .        S - +0 robe of the Kraken {Str-5 Dex+6 Stlth+}
rPois   .            K - +1 hat of Generosity {Regen+ Dex+2}
rElec   .            B - +0 cloak
rCorr   .            t - +2 pair of gloves {Str+3}
SInv    .            k - +0 pair of boots
Will    .....        (no amulet)
Stlth   +++++        z - ring of the Furies {rC+ MP+9 Str+3 Stlth+}
HPRegen 1.11/turn    X - +6 ring of intelligence
MPRegen 0.23/turn

%: no passive effects
@: no status effects
A: claws 2, repulsion field 1, spiny 2, hooves 2
a: Renounce Religion, Unearth Wretches


You were on level 11 of the Dungeon.
You worshipped Kikubaaqudgha.
Kikubaaqudgha was most pleased with you.
You visited 2 branches of the dungeon, and saw 12 of its levels.

You collected 1622 gold pieces.
You spent 518 gold pieces at shops.

Inventory:

Hand Weapons
 e - a +0 shortbow
 s - a +5 dagger
 x - a +4 dagger of freezing
 y - a +4 great sword of freezing
 A - a +4 quarterstaff of chaos (weapon)
 T - a +4 flail of protection
 W - a +0 short sword of flaming
Missiles
 d - 106 stones
 v - 7 javelins
 C - 38 poisoned darts
 J - 14 boomerangs
 N - 10 curare-tipped darts
 Q - a throwing net
Armour
 k - a +0 pair of boots (worn)
 t - a +2 pair of gloves of strength (worn)
 B - a +0 cloak (worn)
 K - the +1 hat of Generosity (worn) {Regen+ Dex+2}
   (You found it on level 7 of the Dungeon)

   Dex+2:     It affects your dexterity (+2).
   Regen+:    It increases your rate of health regeneration.
 R - +0 ice dragon scales
 S - the +0 robe of the Kraken (worn) {Str-5 Dex+6 Stlth+}
   (You found it on level 6 of the Dungeon)

   Str-5:     It affects your strength (-5).
   Dex+6:     It affects your dexterity (+6).
   Stlth+:    It makes you more stealthy.
 V - the +0 kite shield of the Bulwark {rN+ Int+7}
   (You found it on level 6 of the Dungeon)

   Int+7:     It affects your intelligence (+7).
   rN+:       It protects you from negative energy.
Jewellery
 a - a +6 ring of dexterity
 i - a +5 ring of evasion
 q - a ring of protection from cold
 z - the ring of the Furies (left hand) {rC+ MP+9 Str+3 Stlth+}
   (You found it on level 8 of the Dungeon)

   [ring of magical power]

   Str+3:     It affects your strength (+3).
   rC+:       It protects you from cold.
   MP+9:      It affects your magic capacity (+9).
   Stlth+:    It makes you more stealthy.
 D - a ring of flight
 I - a ring of poison resistance
 X - a +6 ring of intelligence (right hand)
Talismans
 n - a flux talisman
 Z - a storm talisman
Wands
 w - a wand of paralysis (27)
 G - a wand of flame (43)
 O - a wand of iceblast (6)
 U - a wand of mindburst (11)
 Y - a wand of polymorph (4)
Scrolls
 g - a scroll of blinking
 h - a scroll of identify
 j - a scroll of silence
 l - 4 scrolls of teleportation
 r - 2 scrolls of butterflies
 E - 4 scrolls of fear
Potions
 b - a potion of heal wounds
 c - a potion of might {unknown}
 f - a potion of invisibility
 m - 5 potions of curing
 p - 5 potions of resistance
 u - 3 potions of brilliance
 F - 3 potions of ambrosia
 L - 2 potions of haste
 M - 2 potions of enlightenment


   Skills:
 - Level 0.1 Maces & Flails
 * Level 5.0 Armour
 + Level 4.9 Dodging
 + Level 4.4 Stealth
 * Level 4.3 Shields
 * Level 9.5 Spellcasting
 - Level 4.0 Summonings
 * Level 5.6 Necromancy
 + Level 6.6 Ice Magic
 * Level 4.4 Air Magic


You had 4 spell levels left.
You knew the following spells:

 Your Spells              Type           Power      Damage    Failure   Level
a - Freeze                Ice            100%       1d10      1%          1
b - Ozocubu's Armour      Ice            47%        N/A       1%          3
c - Summon Ice Beast      Ice/Summ       40%        N/A       5%          4
d - Frozen Ramparts       Ice            94%        1d15      1%          3
e - Summon Lightning Spi  Summ/Air       34%        N/A       9%          4
f - Teleport Other        Tloc           12%        N/A       14%         3
g - Necrotise             Necr           100%       1d9       1%          1
h - Passwall              Tmut/Erth      10%        N/A       8%          2
i - Anguish               Hex/Necr       13%        N/A       16%         4

Your spell library contained the following spells:

 Spells                   Type           Power      Damage    Failure   Level
 Kiss of Death            Conj/Necr      100%       2d13      1%          1
 Cigotuvi's Dreadful Rot  Necr/Pois/Air  58%        N/A       1%          2
 Magic Dart               Conj           48%        1d5       4%          1
 Sandblast                Erth           24%        2d8       4%          1
 Animate Dead             Necr           41%        N/A       4%          4
 Summon Guardian Golem    Hex/Summ       22%        N/A       6%          3
 Lesser Beckoning         Tloc           24%        N/A       8%          2
 Searing Ray              Conj           24%        2d5       8%          2
 Gell's Gravitas          Tloc           12%        N/A       14%         3
 Stone Arrow              Conj/Erth      24%        3d8       14%         3
 Animate Armour           Summ/Erth      44%        N/A       22%         4
 Fulminant Prism          Conj/Hex       6%         3d6       43%         4
 Agony                    Necr           41%        N/A       13%         5
 Simulacrum               Ice/Necr       22%        N/A       52%         6
 Death Channel            Necr           20%        N/A       58%         6
 Lee's Rapid Deconstruct  Erth           6%         3d6*      80%         5
 Orb of Destruction       Conj           6%         9d6       100%        7
 Spellforged Servitor     Conj/Summ      11%        N/A       100%        7


Dungeon Overview and Level Annotations

Branches:
Dungeon (11/15)            Temple (1/1) D:7            Lair (0/5) D:11
    Orc (0/2) D:10

Altars:
Ashenzari
Cheibriados
Dithmenos
Fedhas
Gozag
Hepliaklqana
Kikubaaqudgha
Makhleb
Nemelex Xobeh
Okawaru
Qazlal
Ru
Sif Muna
Trog
Uskayaw
Vehumet
Wu Jian
Xom
Yredelemnul

Shops:
D:4 *   D:5 *   D:10 !   D:11 [


Innate Abilities, Weirdness & Mutations

You have very sharp fingernails.
You are surrounded by a mild repulsion field. (EV +2)
You are mostly covered in sharp spines.
You have hoof-like feet.


Message History

The wall freezes the death yak but does no damage.
The death yak snorts and paws the ground.
The death yak is struck by your spines. The death yak closely misses you.
The wall freezes the death yak but does no damage.
The frozen ramparts melt away as you move.
An ufetubus comes into view.
A hell rat comes into view.
A death yak and a kobold demonologist come into view.
The kobold demonologist is wielding a +2 dagger of freezing.
The hell rat roars deafeningly!
A centaur warrior simulacrum comes into view.
A rat comes into view.
Your magical contamination has completely faded away.
The quokka misses you. The death yak is struck by your spines.
The death yak completely misses you. The hell rat completely misses you.
The death yak attacks as you move away!
The death yak gores you but does no damage.
The quokka misses you.
The centaur warrior simulacrum hits you but does no damage.
The centaur warrior simulacrum kicks you but does no damage.
The hell rat is struck by your spines. The hell rat barely misses you.
The rat closely misses you. The hell rat attacks as you move away!
The hell rat closely misses you.
The quokka bites you but does no damage.
The centaur warrior simulacrum misses you.
The centaur warrior simulacrum closely misses you.
The rat is struck by your spines.
You kill the rat!
Kikubaaqudgha accepts your kill. The rat is struck by your spines.
You kill the rat!
Kikubaaqudgha accepts your kill. The death yak attacks as you move away!
The death yak is struck by your spines. The death yak barely misses you.
The centaur warrior simulacrum is struck by your spines.
The centaur warrior simulacrum hits you.
* * * LOW HITPOINT WARNING * * *
The centaur warrior simulacrum freezes you!
You resist.
You die...
Kikubaaqudgha rasps: "You have failed me!
Welcome... death!"

#...............##
####....>..........#.
#....................
#.##.................
#.#.................?
#Y..................#
#..Y†.#............##
#Yrr.............####
#..Z@>.......#######.
#............### ##.†
.........##..## ##..#
..............#
##..## ......K..... #
###.####
.............
##..####.
.^........#..#
##..####..
........### ##...#
#..8 ##..#..##...


You could see 3 death yaks, a kobold demonologist (wandering), a hell rat, a
centaur warrior simulacrum and a quokka.

Vanquished Creatures
  A death yak (D:11)
  An ugly thing (D:9)
  A manticore (D:11)
  The ghost of ytrimaz the Insei, a novice DsSh of Makhleb (D:6)
  Joseph (D:9)
  The ghost of MisterAzrael the Covert, a novice SpEn (D:7)
  A troll (D:11)
  A hornet (D:11)
  Prince Ribbit (D:6)
  A centaur simulacrum (D:11)
  A shadow (D:9)
  A vampire (D:10)
  A wyvern (D:8)
  2 nameless horrors (D:5)
  2 yaks (D:11)
  A steam dragon (D:7)
  A vampire mosquito (D:11)
  Edmund (D:4)
  3 water moccasins
  4 orc warriors
  2 ice beasts
  3 sky beasts
  2 black bears
  An ogre (D:6)
  2 centaurs
  A wolf (D:11)
  2 phantoms (D:5)
  3 kobold brigands
  3 bullfrogs (D:7)
  3 scorpions
  4 wights
  3 killer bees (D:9)
  3 howler monkeys
  7 orc priests
  Crazy Yiuf (D:3)
  A jelly (D:5)
  A hound (D:7)
  2 iguanas
  Ijyb (D:3)
  6 orc wizards
  9 adders
  2 shadow imps (D:7)
  4 white imps
  2 ufetubi
  2 worms
  9 dart slugs
  21 orcs
  3 endoplasms
  2 giant cockroaches (D:2)
  7 hobgoblins
  3 jackals (D:4)
  12 kobolds
  3 quokkas
  10 ball pythons
  23 bats
  20 frilled lizards
  6 goblins
  7 rats
  A spectral orc (D:6)
224 creatures vanquished.

Vanquished Creatures (collateral kills)
  A two-headed ogre (D:9)
  A kobold demonologist (D:9)
  Sigmund (D:6)
  A bullfrog (D:6)
  4 wights
  2 killer bees (D:9)
  An orc (D:6)
  A giant cockroach (D:6)
  4 kobolds
16 creatures vanquished.

Vanquished Creatures (others)
  A human (D:5)
1 creature vanquished.

Grand Total: 241 creatures vanquished

Notes
Turn   | Place    | Note
-------+----------+-------------------------------------------
     0 | D:1      | bobarctor the Demonspawn Ice Elementalist began the quest
                  | for the Orb.
     0 | D:1      | Reached XP level 1. HP: 13/13 MP: 3/3
    47 | D:1      | Found a faded altar of an unknown god.
    99 | D:1      | Gained mutation: You are partially covered in sharp spines.
                  | [demonic ancestry]
    99 | D:1      | Reached XP level 2. HP: 19/19 MP: 5/5
   736 | D:1      | Reached XP level 3. HP: 24/24 MP: 6/6
   752 | D:1      | Learned a level 3 spell: Ozocubu's Armour
  1443 | D:2      | Reached XP level 4. HP: 30/30 MP: 5/8
  1448 | D:2      | Learned a level 4 spell: Summon Ice Beast
  1502 | D:2      | Reached skill level 3 in Spellcasting
  1902 | D:3      | Found a stormy altar of Qazlal.
  1904 | D:3      | Noticed a water elemental
  1904 | D:3      | Noticed a fire elemental
  1905 | D:3      | Noticed an earth elemental
  1905 | D:3      | Noticed an air elemental
  1936 | D:3      | Noticed Ijyb
  1948 | D:3      | Killed Ijyb
  2121 | D:3      | Gained mutation: You are surrounded by a mild repulsion
                  | field. (EV +2) [demonic ancestry]
  2121 | D:3      | Reached XP level 5. HP: 29/35 MP: 7/10
  2294 | D:3      | Found a runed translucent door.
  2299 | D:3      | Learned a level 3 spell: Frozen Ramparts
  2299 | D:3      | Noticed Crazy Yiuf
  2308 | D:3      | Killed Crazy Yiuf
  2739 | D:3      | Reached skill level 1 in Summonings
  3287 | D:4      | Found Diferipn's Assorted Antiques.
  3291 | D:4      | Bought a scroll labelled AMUMEU QYEGUJO for 28 gold pieces
  3291 | D:4      | Bought a scroll labelled EFREV QIREIBUE for 28 gold pieces
  3456 | D:4      | Identified the +0 scale mail of Bad Feelings {rPois Str+2
                  | Dex-4}
  3548 | D:5      | Entered Level 5 of the Dungeon
  3596 | D:5      | Noticed a phantom
  3605 | D:5      | Killed a phantom
  3606 | D:5      | Reached skill level 4 in Spellcasting
  3606 | D:5      | Gained mutation: You have sharp fingernails. [demonic
                  | ancestry]
  3606 | D:5      | Reached XP level 6. HP: 41/41 MP: 10/12
  3747 | D:5      | Reached skill level 1 in Armour
  3753 | D:5      | Found Uhiparra's General Store.
  3761 | D:5      | Bought a scroll of identify for 30 gold pieces
  3816 | D:5      | Reached skill level 5 in Ice Magic
  3959 | D:5      | Found an ancient bone altar of Kikubaaqudgha.
  3973 | D:5      | Reached XP level 7. HP: 32/46 MP: 7/14
  4017 | D:5      | Learned a level 4 spell: Summon Lightning Spire
  4044 | D:5      | Noticed a human
  4046 | D:5      | Killed a human
  4048 | D:5      | Became a worshipper of Kikubaaqudgha
  4132 | D:5      | Reached skill level 5 in Spellcasting
  4349 | D:6      | Identified the +0 robe of the Kraken {Str-5 Dex+6 Stlth+}
  4371 | D:6      | Found a runed translucent door.
  4372 | D:6      | Noticed ytrimaz's ghost (novice DsSh)
  4392 | D:6      | Found an iron altar of Okawaru.
  4392 | D:6      | Noticed Edmund
  4400 | D:6      | Noticed a nameless horror
  4401 | D:6      | Noticed Prince Ribbit
  4477 | D:4      | Killed Edmund
  4478 | D:4      | Reached skill level 1 in Necromancy
  4642 | D:5      | Killed a nameless horror
  4723 | D:6      | Killed Prince Ribbit
  4724 | D:6      | Reached skill level 1 in Air Magic
  4896 | D:6      | Gained mutation: You have very sharp fingernails. [demonic
                  | ancestry]
  4896 | D:6      | Reached XP level 8. HP: 52/52 MP: 9/16
  4956 | D:6      | Identified the +0 kite shield of the Bulwark {rN+ Int+7}
  5138 | D:6      | Found a runed translucent door.
  5253 | D:6      | Found a hazy altar of Hepliaklqana.
  5253 | D:6      | Noticed Sigmund
  5280 | D:6      | Noticed a nameless horror
  5328 | D:5      | Killed a nameless horror
  5472 | D:6      | Killed Sigmund
  5473 | D:6      | Reached skill level 6 in Spellcasting
  5763 | D:7      | Learned a level 3 spell: Teleport Other
  5767 | D:7      | Reached skill level 1 in Shields
  6090 | D:7      | Found a burning altar of Makhleb.
  6145 | D:7      | Found a staircase to the Ecumenical Temple.
  6470 | D:7      | Found a runed translucent gate.
  6470 | D:7      | Found a runed translucent gate.
  6470 | D:7      | Found a runed translucent gate.
  6473 | D:7      | Noticed MisterAzrael's ghost (novice SpEn)
  6731 | Temple   | Entered the Ecumenical Temple
  6745 | Temple   | Gained mutation: Your body sometimes deteriorates upon
                  | taking damage. [potion of mutation]
  6745 | Temple   | Gained mutation: You are somewhat resistant to further
                  | mutation. [potion of mutation]
  6746 | Temple   | Lost mutation: You are somewhat resistant to further
                  | mutation. [potion of mutation]
  6746 | Temple   | Lost mutation: Your body sometimes deteriorates upon taking
                  | damage. [potion of mutation]
  6746 | Temple   | Gained mutation: You have hidden genetic defects. [potion
                  | of mutation]
  6746 | Temple   | Gained mutation: You have large cloven feet. [potion of
                  | mutation]
  6746 | Temple   | Gained mutation: Your natural rate of healing is unusually
                  | fast. [potion of mutation]
  6746 | Temple   | Lost mutation: You have hidden genetic defects. [potion of
                  | mutation]
  6747 | Temple   | Lost mutation: You have large cloven feet. [potion of
                  | mutation]
  6747 | Temple   | Lost mutation: Your natural rate of healing is unusually
                  | fast. [potion of mutation]
  6747 | Temple   | Gained mutation: You have a pair of small horns on your
                  | head. [potion of mutation]
  6747 | Temple   | Gained mutation: You are vulnerable to cold. (rC-) [potion
                  | of mutation]
  6747 | Temple   | Gained mutation: Your flesh is heat resistant. (rF+)
                  | [potion of mutation]
  6748 | Temple   | Lost mutation: Your flesh is heat resistant. (rF+) [potion
                  | of mutation]
  6748 | Temple   | Lost mutation: You have a pair of small horns on your head.
                  | [potion of mutation]
  6748 | Temple   | Lost mutation: You are vulnerable to cold. (rC-) [potion of
                  | mutation]
  6748 | Temple   | Gained mutation: You have large cloven feet. [potion of
                  | mutation]
  6748 | Temple   | Gained mutation: You have hoof-like feet. [potion of
                  | mutation]
  6847 | D:8      | Reached XP level 9. HP: 57/57 MP: 18/18
  6923 | D:8      | Reached * piety under Kikubaaqudgha
  6923 | D:8      | Received a gift from Kikubaaqudgha
  6988 | D:8      | Found a basalt altar of Yredelemnul.
  7299 | D:8      | Identified the ring of the Furies {rC+ MP+9 Str+3 Stlth+}
  7742 | D:7      | Killed MisterAzrael's ghost
  7744 | D:7      | Reached skill level 7 in Spellcasting
  7768 | D:7      | Identified the +1 hat of Generosity {Regen+ Dex+2}
  7873 | D:6      | Killed ytrimaz's ghost
  7985 | D:4      | Learned a level 1 spell: Necrotise
  7988 | D:4      | Learned a level 2 spell: Passwall
  8092 | D:4      | Reached ** piety under Kikubaaqudgha
  8828 | D:9      | Identified a scroll of acquirement
  8828 | D:9      | Acquired 1003 gold pieces
  9172 | D:9      | Gained mutation: You are mostly covered in sharp spines.
                  | [demonic ancestry]
  9172 | D:9      | Reached XP level 10. HP: 53/63 MP: 21/21
  9216 | D:9      | Noticed a two-headed ogre
  9238 | D:9      | Killed a two-headed ogre
  9331 | D:9      | Noticed Joseph
  9342 | D:9      | Killed Joseph
  9343 | D:9      | Reached skill level 8 in Spellcasting
  9406 | D:9      | Noticed a purple ugly thing
  9414 | D:9      | Killed a purple ugly thing
  9595 | D:9      | Reached skill level 5 in Necromancy
  9715 | D:10     | Entered Level 10 of the Dungeon
  9872 | D:10     | Found a blossoming altar of Fedhas.
 10007 | D:10     | Found Ipymmi's Distillery.
 10019 | D:10     | Reached *** piety under Kikubaaqudgha
 10019 | D:10     | Received a gift from Kikubaaqudgha
 10085 | D:10     | Bought a potion of curing for 48 gold pieces
 10085 | D:10     | Bought a potion of attraction for 48 gold pieces
 10085 | D:10     | Bought 2 potions of curing for 96 gold pieces
 10085 | D:10     | Bought a potion of haste for 160 gold pieces
 10085 | D:10     | Bought a potion of heal wounds for 80 gold pieces
 10101 | D:10     | Found a staircase to the Orcish Mines.
 10193 | D:10     | Reached skill level 9 in Spellcasting
 10459 | D:10     | HP: 1/63 [something (5)]
 10686 | D:11     | Learned a level 4 spell: Anguish
 10736 | D:11     | Noticed a death yak
 10756 | D:11     | Killed a death yak
 10837 | D:11     | Found Aroade's Armour Shoppe.
 10869 | D:11     | Reached XP level 11. HP: 68/68 MP: 19/24
 10959 | D:11     | Noticed a death yak
 11067 | D:11     | Reached skill level 5 in Armour
 11159 | D:11     | Noticed a death yak
 11161 | D:11     | Found a staircase to the Lair.
 11177 | D:11     | Noticed a death yak
 11182 | D:11     | Slain by a centaur warrior simulacrum

Illustrated notes

Levels and vault maps discovered:
D:1:      minmay_arrival_semitransparent, layout_loops_corners,
          nicolae_ecumenical_snake_handling, minmay_lizard_king
D:2:      layout_basic, minmay_hexomino_c4
D:3:      kennysheep_slugbush, layout_loops_ring,
          nicolae_qazlal_style_of_elements, serial_glass, glass_columns_a,
          glass_columns_b, kennysheep_generic_room_8, uniq_ijyb,
          uniq_crazy_yiuf_cottage
D:4:      layout_rooms, serial_shops, nicolae_shop_back_alley_shop,
          serial_aquarium, aquarium_bridge_island_large
          [aquarium_subvault_large_open, aquarium_subvault_bridge,
          aquarium_subvault_bridge, aquarium_subvault_wall,
          aquarium_subvault_bridge], aquarium_bridge_square
          [aquarium_subvault_wall, aquarium_subvault_bridge,
          aquarium_subvault_window, aquarium_subvault_window],
          aquarium_window_corner, aquarium_window_fake, aquarium_window_double,
          aquarium_window_1, aquarium_view_2d, aquarium_view_2f,
          aquarium_balcony_double_3, aquarium_pool_double,
          dreamdust_princess_bridge
D:5:      layout_loops_ring, tgw_kikubaaqudgha, serial_shops, nicolae_shop_stone
D:6:      layout_gridville, nicolae_hepliaklqana_monster_ancestors,
          okawaru_trees_2, ebering_ghost_sewer_f, uniq_prince_ribbit1,
          uniq_sigmund, uniq_edmund
D:7:      layout_gridville, mainiacjoe_overflow_surrounded_room, temple_doors_e,
          biasface_ghost_orc_armoury
D:8:      layout_loops_cross, yredelemnul_altar_generic
D:9:      layout_loops_ring, enter_bailey_2, grunt_ministairs_8, uniq_joseph
D:10:     layout_roguey, lemuel_doored_altar, orc_0_dummy, serial_shops, shop
D:11:     minmay_chambers_of_sevens, layout_cave_pods, dpeg_lair_monsters,
          serial_ice, serial_ice_k, serial_ice_g, serial_ice_b, serial_ice_o,
          portal_ice_cave_entry_pillars_2, serial_shops, shop,
          grunt_decor_resistance
Temple:   nicolae_temple_bog_church

Skill      XL: |  1  2  3  4  5  6  7  8  9 10 11 |
---------------+----------------------------------+-----
Ice Magic      | 4 5 6 |  6.6
Spellcasting   | 3 4 5 6 7 9 |  9.5
Stealth        | 2 3 4 |  4.4
Dodging        | 2 3 4 |  4.9
Summonings     | 1 2 3 4 |  4.0
Armour         | 1 2 3 4 5 |  5.0
Necromancy     | 1 3 4 5 |  5.6
Air Magic      | 1 2 3 4 |  4.4
Shields        | 1 3 4 |  4.3
Maces & Flails | |  0.1

Action                     |  1- 3 |  4- 6 |  7- 9 | 10-12 || total
---------------------------+-------+-------+-------+-------++-------
  Melee: Dagger            |    12 |       |       |       ||    12
         Quarterstaff      |       |    51 |    30 |    67 ||   148
         Flail             |       |       |   158 |    37 ||   195
         Punch             |       |       |     1 |     1 ||     2
   Fire: Sling             |    90 |    44 |       |       ||   134
   Cast: Freeze            |    26 |    13 |     5 |    10 ||    54
         Ozocubu's Armour  |     3 |     5 |    10 |     7 ||    25
         Frozen Ramparts   |       |     3 |    13 |    14 ||    30
         Summon Ice Beast  |       |       |     2 |     7 ||     9
         Passwall          |       |       |    16 |       ||    16
         Summon Lightning  |       |       |     6 |    13 ||    19
         Necrotise         |       |       |       |     1 ||     1
         Anguish           |       |       |       |     3 ||     3
    Use: Scroll            |       |       |    17 |     4 ||    21
         Potion            |       |       |     4 |     5 ||     9
   Stab: Sleeping          |       |       |     6 |     2 ||     8
         Distracted        |       |       |       |     1 ||     1
         Petrified         |       |       |       |     7 ||     7
 Armour: Robe              |     8 |    14 |    60 |    60 ||   142
  Dodge: Dodged            |    25 |    64 |   219 |   121 ||   429

Table legend: (Time is in decaauts)
 A = Elapsed time spent in this place.
 B = Non-inter-level travel time spent in this place.
 C = Inter-level travel time spent in this place.
 D = Time resting spent in this place.
 E = Time spent auto-exploring this place.
 F = Levels seen in this place.
 G = Mean time per level.
                   A        B        C        D        E       F      G
               +--------+--------+--------+--------+--------+-----+--------+
         Total |  11405 |  10617 |    788 |   1135 |   6287 |  12 |  950.4 |
       Dungeon |  11385 |  10597 |    788 |   1135 |   6287 |  11 | 1035.0 |
        Temple |     19 |     19 |      0 |      0 |      0 |   1 |   19.0 |
               +--------+--------+--------+--------+--------+-----+--------+

Top non-repeatable levels by time:
     D:4: 1496 daAuts
     D:7: 1371 daAuts
     D:5: 1144 daAuts
     D:6: 1098 daAuts
     D:3: 1055 daAuts
     D:2: 987 daAuts
     D:1: 963 daAuts
     D:9: 963 daAuts
    D:10: 895 daAuts
     D:8: 890 daAuts
    D:11: 519 daAuts
  Temple: 19 daAuts
